 Dungeon Crawl Stone Soup version 0.29.0-4-gdea44cf6ec (webtiles) character file.

Game seed: 15915308873215053622

114 qw the Chopper (level 4, -1/26 HPs)
             Began as a Tengu Warper on Aug 29, 2022.
             Slain by an ogre
             ... wielding a +0 giant club
              (20 damage)
             ... on level 3 of the Dungeon.
             The game lasted 00:00:16 (2890 turns).

qw the Chopper (Tengu Warper)                       Turns: 2890, Time: 00:00:17

Health: -1/26      AC:  5    Str: 14    XL:     4   Next: 98%
Magic:  8/8        EV: 11    Int: 13    God:
Gold:   68         SH:  0    Dex: 13    Spells: 7/7 levels left

rFire   . . .      SeeInvis +   Y - +0 hand axe
rCold   . . .      Faith    .   (no shield)
rNeg    + . .      Spirit   .   e - +0 ring mail
rPois   .          Reflect  .   (helmet restricted)
rElec   .          Harm     .   (no cloak)
rCorr   .          Rampage  .   (no gloves)
Will    .....                   (boots unavailable)
Stlth   +.........              (no amulet)
HPRegen 0.08/turn               c - ring of Povyipee {rN+ Slay+2 SInv}
MPRegen 0.11/turn               (no ring)

@: no status effects
A: beak, talons 3
a: no special abilities


You were on level 3 of the Dungeon.
You visited 1 branch of the dungeon, and saw 3 of its levels.

You collected 68 gold pieces.


Innate Abilities, Weirdness & Mutations

You have a beak for a mouth.
You have claws for feet.


   Skills:
 - Level 2.0 Fighting
 + Level 5.5 Axes
 - Level 1.0 Throwing
 - Level 1.1 Armour
 - Level 2.1 Dodging
 - Level 2.0 Spellcasting
 - Level 2.4 Translocations


You had 7 spell levels left.
You didn't know any spells.
Your spell library contained the following spells:

 Spells                   Type           Power      Damage    Failure   Level
 Blink                    Tloc           14%        N/A       30%         2
 Gell's Gravitas          Tloc           7%         N/A       52%         3
 Lesser Beckoning         Tloc           7%         N/A       52%         3
 Teleport Other           Tloc           7%         N/A       52%         3
 Manifold Assault         Tloc           7%         N/A       99%         5

Inventory:

Hand Weapons
 f - a +0 whip
 Y - a +0 hand axe (weapon)
Armour
 e - a +0 ring mail (worn)
Jewellery
 c - the ring of Povyipee (left hand) {rN+ Slay+2 SInv}
   (You took it off a kobold on level 2 of the Dungeon)

   [ring of see invisible]

   Slay:      It affects your accuracy & damage with ranged weapons and melee
   (+2).
   rN:        It protects you from negative energy.
   SInv:      It lets you see invisible.
Scrolls
 b - a scroll of teleportation
 d - 2 scrolls of identify
Potions
 a - a potion of heal wounds

Dungeon Overview and Level Annotations

Branches:
Dungeon (3/15)

Altars:
Wu Jian


Message History

The jackal bites you but does no damage.
The jackal barely misses you.
The jackal bites you but does no damage. x2
You barely miss the jackal. Your kick misses the jackal.
Your peck misses the jackal.
The jackal is heavily wounded.
You hit the jackal but do no damage. You barely miss the goblin.
The jackal misses you. The jackal closely misses you.
The goblin hits you but does no damage.
You hit the jackal. Your peck misses the jackal. Your punch misses the jackal.
The jackal is almost dead.
You closely miss the jackal. You barely miss the goblin.
The jackal bites you but does no damage. x2
The goblin hits you but does no damage. The jackal closely misses you.
You completely miss the jackal. Your peck misses the jackal.
The jackal is severely wounded.
You miss the jackal. You hit the goblin.
The jackal bites you. x2; The jackal closely misses you.
The goblin hits you with a +0 club.
You hit the goblin.
You kill the goblin!
You closely miss the jackal. You hit the jackal. The jackal barely misses you.
The jackal bites you but does no damage.
You hit the jackal.
You kill the jackal!
You barely miss the jackal. You hit the ogre.
The jackal bites you but does no damage.
The jackal bites you. The ogre barely misses you.
You closely miss the ogre. You claw the ogre.
The ogre is moderately wounded.
You hit the jackal but do no damage. The jackal bites you.
You hit the ogre. You claw the ogre, but do no damage.
The ogre is moderately wounded.
You barely miss the jackal. The jackal barely misses you.
The ogre hits you with a +0 giant club!!
Ouch! That really hurt!
You die...

#...... ....... #......
#.......# #......
#.......# #......
#.......######## #...|..
#..............# #......
#..............# #......
#.....%hO.$...# #......
#......@......# #......
#......##+##### #.#####
#......##.# #.#
#......##.# #.#
###.......# #.#
#.#####.########.#####
.......................
###.##############.#####
#.#


You could see an ogre and a jackal.

Vanquished Creatures
  5 adders (D:2)
  A dart slug (D:1)
  3 endoplasms
  3 giant cockroaches (D:1)
  8 goblins
  4 hobgoblins
  10 jackals
  A quokka (D:1)
  7 ball pythons
  6 bats
  8 kobolds
  4 rats
60 creatures vanquished.

Notes
Turn   | Place    | Note
-------+----------+-------------------------------------------
     0 | D:1      | qw the Tengu Warper began the quest for the Orb.
     0 | D:1      | Reached XP level 1. HP: 12/12 MP: 4/4
     0 | D:1      | 0 ||| qw: Version: 0.1-a-89-g26bdef1
     0 | D:1      | 0 ||| qw: Game counter: 3464
     0 | D:1      | 0 ||| qw: Always use a shield: true
     0 | D:1      | 0 ||| qw: God list: Okawaru
     0 | D:1      | 0 ||| qw: Allow faded altars: false
     0 | D:1      | 0 ||| qw: Do Orc after D:15 true
     0 | D:1      | 0 ||| qw: Do second Lair branch before Depths: true
     0 | D:1      | 0 ||| qw: Lair rune preference: random
     0 | D:1      | 0 ||| qw: Plans: Normal
     0 | D:1      | 0 ||| PLANNING D:1-11
    76 | D:1      | 76 ||| Stepping ~*~*~tactically~*~*~ (stealth).
    93 | D:1      | 93 ||| Stepping ~*~*~tactically~*~*~ (stealth).
   281 | D:1      | Reached skill level 3 in Axes
   281 | D:1      | Reached XP level 2. HP: 13/17 MP: 6/6
   566 | D:1      | 566 ||| Stepping ~*~*~tactically~*~*~ (stealth).
   568 | D:1      | 568 ||| Stepping ~*~*~tactically~*~*~ (stealth).
   570 | D:1      | 570 ||| Stepping ~*~*~tactically~*~*~ (hiding).
   646 | D:1      | Reached XP level 3. HP: 20/21 MP: 7/7
   935 | D:1      | Reached skill level 4 in Axes
  1024 | D:1      | 1024 ||| Stepping ~*~*~tactically~*~*~ (stealth).
  1135 | D:1      | 1135 ||| UPGRADING to +0 ring mail.
  1145 | D:1      | 1145 ||| DROPPING +0 leather armour.
  1146 | D:1      | 1146 ||| READING scroll labelled GAIFIB BAPREYFF.
  1147 | D:1      | 1147 ||| READING scroll labelled GELIW DOZESU.
  1148 | D:1      | 1148 ||| DROPPING scroll of blinking.
  1149 | D:1      | 1149 ||| Stepping randomly (stuck).
  1150 | D:1      | 1150 ||| Stepping ~*~*~tactically~*~*~ (cloud).
  1155 | D:1      | HP: 5/21 [poisoned by you (poison gas)]
  1425 | D:2      | 1425 ||| STAIRDANCE
  1552 | D:2      | Found a faded altar of an unknown god.
  1553 | D:2      | 1553 ||| Stepping ~*~*~tactically~*~*~ (stealth).
  1591 | D:2      | 1591 ||| FLEEEEING.
  1592 | D:2      | 1592 ||| FLEEEEING.
  1593 | D:2      | 1593 ||| FLEEEEING.
  1594 | D:2      | 1594 ||| FLEEEEING.
  1595 | D:2      | 1595 ||| STAIRDANCE
  1653 | D:2      | 1653 ||| STAIRDANCE
  1744 | D:2      | Reached XP level 4. HP: 26/26 MP: 8/8
  1880 | D:2      | Reached skill level 5 in Axes
  1933 | D:2      | Identified the ring of Povyipee {rN+ Slay+2 SInv}
  2175 | D:2      | 2175 ||| FLEEEEING.
  2177 | D:2      | 2177 ||| FLEEEEING.
  2178 | D:2      | 2178 ||| FLEEEEING.
  2179 | D:2      | 2179 ||| FLEEEEING.
  2180 | D:2      | 2180 ||| FLEEEEING.
  2181 | D:2      | 2181 ||| FLEEEEING.
  2182 | D:2      | 2182 ||| FLEEEEING.
  2183 | D:2      | 2183 ||| FLEEEEING.
  2184 | D:2      | 2184 ||| FLEEEEING.
  2185 | D:2      | 2185 ||| FLEEEEING.
  2186 | D:2      | 2186 ||| FLEEEEING.
  2187 | D:2      | 2187 ||| FLEEEEING.
  2188 | D:2      | 2188 ||| FLEEEEING.
  2189 | D:2      | 2189 ||| FLEEEEING.
  2190 | D:2      | 2190 ||| FLEEEEING.
  2191 | D:2      | 2191 ||| FLEEEEING.
  2192 | D:2      | 2192 ||| FLEEEEING.
  2193 | D:2      | 2193 ||| FLEEEEING.
  2194 | D:2      | 2194 ||| FLEEEEING.
  2195 | D:2      | 2195 ||| FLEEEEING.
  2196 | D:2      | 2196 ||| FLEEEEING.
  2197 | D:2      | 2197 ||| FLEEEEING.
  2198 | D:2      | 2198 ||| FLEEEEING.
  2199 | D:2      | 2199 ||| FLEEEEING.
  2200 | D:2      | 2200 ||| FLEEEEING.
  2201 | D:2      | 2201 ||| FLEEEEING.
  2202 | D:2      | 2202 ||| FLEEEEING.
  2203 | D:2      | 2203 ||| FLEEEEING.
  2205 | D:2      | 2205 ||| FLEEEEING.
  2207 | D:2      | 2207 ||| FLEEEEING.
  2209 | D:2      | 2209 ||| FLEEEEING.
  2210 | D:2      | 2210 ||| FLEEEEING.
  2211 | D:2      | 2211 ||| FLEEEEING.
  2212 | D:2      | 2212 ||| FLEEEEING.
  2213 | D:2      | 2213 ||| FLEEEEING.
  2214 | D:2      | 2214 ||| FLEEEEING.
  2215 | D:2      | 2215 ||| FLEEEEING.
  2216 | D:2      | 2216 ||| FLEEEEING.
  2276 | D:2      | Found an ornate altar of the Wu Jian Council.
  2755 | D:2      | 2755 ||| UPGRADING to ring of Povyipee {rN+ Slay+2 SInv}.
  2756 | D:2      | 2756 ||| READING 2 scrolls labelled YTURUD IBBOGH.
  2759 | D:2      | 2759 ||| DRINKING 2 sedimented black potions.
  2878 | D:3      | Noticed an ogre
  2890 | D:3      | Slain by an ogre

Levels and vault maps discovered:
D:1:      wander_arrival_estate, layout_loops_ring
D:2:      layout_basic, serial_glass, glass_columns_b, glass_columns_a,
          basic_altar, nicolae_ecumenical_snake_handling, st_stairs_3
D:3:      layout_basic, mainiacjoe_overflow_small_starburst

Skill      XL: |  1  2  3  4 |
---------------+-------------+-----
Axes           | 3 4 5 |  5.5
Fighting       | |  2.0
Throwing       | |  1.0
Armour         | |  1.1
Dodging        | |  2.1
Spellcasting   | |  2.0
Translocations | |  2.4

Action                   |  1- 3 |  4- 6 || total
-------------------------+-------+-------++-------
Melee: Hand axe          |    89 |    63 ||   152
       Kick              |    13 |    10 ||    23
       Peck              |    11 |     8 ||    19
       Punch             |     1 |     1 ||     2
Throw: Boomerang         |     7 |       ||     7
  Use: Scroll            |     2 |     1 ||     3
       Potion            |       |     1 ||     1
Armor: Leather armour    |    17 |       ||    17
       Ring mail         |     8 |    27 ||    35
Dodge: Dodged            |    54 |    44 ||    98

Table legend:
 A = Non-vault XP
 B = Vault XP
 C = Vault XP percentage of total XP
 D = Non-vault monster count
 E = Vault monster count
 F = Vault count percentage of total count
                 A         B        C        D         E       F
            +---------+---------+-------+---------+---------+-------
      Total |     120 |      44 |  26.8 |      54 |       6 |  10.0
            +---------+---------+-------+---------+---------+-------
        D:1 |      52 |       0 |   0.0 |      29 |       0 |   0.0
        D:2 |      56 |      44 |  44.0 |      19 |       6 |  24.0
        D:3 |      12 |       0 |   0.0 |       6 |       0 |   0.0
            +---------+---------+-------+---------+---------+-------
